 Dungeon Crawl Stone Soup version 0.21-a0-271-ge7f0487 (webtiles) character file.

26268 Lavandula the Spear-Bearer (level 13, -6/105 HPs)
             Began as a Ghoul Warper on Sept 15, 2017.
             Was a High Priest of Cheibriados.
             Shot with an arrow by a satyr (32 damage)
             ... on level 4 of the Shoals.
             The game lasted 01:04:28 (7706 turns).

Lavandula the Spear-Bearer (Ghoul Warper)           Turns: 7706, Time: 01:04:29

Health: -6/105     AC:  8    Str: 31    XL:     13   Next: 24%
Magic:  2/19       EV: 18    Int: 21    God:    Cheibriados [*****.]
Gold:   191        SH:  0    Dex: 23    Spells: 0/22 levels left

rFire    . . .     SeeInvis .   z - +4 trident (freeze)
rCold    + . .     Gourm    .   (no shield)
rNeg     + + +     Faith    .   T - +3 leather armour
rPois    ∞         Spirit   .   (no helmet)
rElec    .         Reflect  .   (no cloak)
rCorr    .         Harm     +   (no gloves)
MR       .....                  u - +1 pair of boots
Stlth    ++........             h - amulet of harm
HPRegen  0.00/turn              Y - +4 ring of evasion
MPRegen  0.16/turn              (no ring)

@: very slightly contaminated, rotting, invisible, very slow
A: rotting body, claws 1, carnivore 3, cold resistance 1, negative energy
resistance 3, inhibited regeneration, torment resistance, unbreathing
a: Bend Time, Temporal Distortion, Slouch, Step From Time, Renounce Religion


You were on level 4 of the Shoals.
You worshipped Cheibriados.
Cheibriados was extremely pleased with you.
You were not hungry.

You visited 5 branches of the dungeon, and saw 22 of its levels.
You also visited: Ossuary and Bailey.

You collected 951 gold pieces.
You spent 760 gold pieces at shops.

Inventory:

Hand Weapons
 x - a +1 trident of pain
 z - a +4 trident of freezing (weapon)
 H - the cursed +2 rapier of Destiny {pierce, Int+5, unknown}
   (You took it off a goblin in a bailey)

   It inflicts extra damage upon your enemies.
   It affects your intelligence (+5).
   It has a curse placed upon it.
Missiles
 d - 5 tomahawks of dispersal
 D - 4 exploding tomahawks
 L - 8 javelins (quivered)
Armour
 m - +1 acid dragon scales
 u - a +1 pair of boots (worn)
 B - a +0 buckler
 N - a +1 robe of cold resistance
 O - a +0 chain mail of magic resistance
 R - a +3 chain mail
 T - a +3 leather armour (worn)
Magical Staves
 t - an uncursed staff of energy
Jewellery
 h - an amulet of harm (around neck)
 k - an uncursed amulet of regeneration
 J - an uncursed ring of ice
 K - an uncursed amulet of guardian spirit
 Y - a +4 ring of evasion (left claw)
Wands
 l - a wand of acid (6/15)
 r - a wand of flame (41/48)
 v - a wand of polymorph (10/24)
 w - a wand of disintegration (7/24)
 y - a wand of confusion (13/48)
 A - a wand of scattershot (6/9)
 C - a wand of disintegration (8/24)
 M - a wand of polymorph (7/24)
 V - a wand of acid (5/15)
 Z - a wand of digging (16/24)
Scrolls
 a - a scroll of vulnerability {unknown}
 c - a scroll of acquirement {unknown}
 e - 2 scrolls of remove curse
 i - a scroll of recharging
 j - 4 scrolls of teleportation
 s - 3 scrolls of immolation
 X - a scroll of amnesia {unknown}
Potions
 n - 3 potions of curing
 p - 4 potions of brilliance
 E - 2 potions of flight
 F - a potion of experience
 G - a potion of cancellation {unknown}
 I - 2 potions of resistance
 W - a potion of agility
Books
 b - a book of Spatial Translocations

   Spells                             Type                      Level
   a - Blink                          Translocation                2
   b - Shroud of Golubria             Charms/Translocation         2
   c - Lesser Beckoning               Translocation                3
   d - Gell's Gravitas                Translocation                3
   e - Teleport Other                 Translocation                3
   f - Passage of Golubria            Translocation                4
 g - a book of Transfigurations

   Spells                             Type                      Level
   a - Irradiate                      Conjuration/Transmutation    5
   b - Statue Form                    Transmutation/Earth          6
   c - Hydra Form                     Transmutation                6
   d - Dragon Form                    Transmutation                7
 q - a book of Battle

   Spells                             Type                      Level
   a - Infusion                       Charms                       1
   b - Shroud of Golubria             Charms/Translocation         2
   c - Song of Slaying                Charms                       2
   d - Spectral Weapon                Hexes/Charms                 3
   e - Regeneration                   Charms/Necromancy            3
 S - a book of Beasts

   Spells                             Type                      Level
   a - Summon Butterflies             Summoning                    1
   b - Call Canine Familiar           Summoning                    3
   c - Summon Ice Beast               Ice/Summoning                4
   d - Summon Mana Viper              Hexes/Summoning              5
   e - Summon Hydra                   Summoning                    7
 U - a book of Minor Magic

   Spells                             Type                      Level
   a - Magic Dart                     Conjuration                  1
   b - Blink                          Translocation                2
   c - Call Imp                       Summoning                    2
   d - Slow                           Hexes                        2
   e - Conjure Flame                  Conjuration/Fire             3
   f - Mephitic Cloud                 Conjuration/Poison/Air       3
Comestibles
 f - 4 meat rations
 o - 4 royal jellies


   Skills:
 - Level 7.4 Fighting
 - Level 12.3 Polearms
 - Level 1.0 Throwing
 - Level 3.8 Armour
 - Level 3.5 Dodging
 - Level 8.4 Unarmed Combat
 - Level 5.2 Spellcasting
 - Level 1.4 Charms
 - Level 7.4 Translocations
 - Level 8.9 Invocations
 - Level 3.8 Evocations


You couldn't memorise any spells.
You knew the following spells:

 Your Spells              Type           Power        Failure   Level  Hunger
a - Blink                 Tloc           N/A          1%          2    None
b - Shroud of Golubria    Chrm/Tloc      ###.......   2%          2    None
c - Teleport Other        Tloc           #####...     1%          3    ##.....
d - Passage of Golubria   Tloc           N/A          5%          4    ####...
e - Spectral Weapon       Hex/Chrm       #.......     26%         3    ##.....
f - Regeneration          Chrm/Necr      #.........   26%         3    ##.....
g - Summon Butterflies    Summ           #.......     12%         1    None
h - Mephitic Cloud        Conj/Pois/Air  #.......     34%         3    ##.....
i - Infusion              Chrm           ##..         6%          1    None


Dungeon Overview and Level Annotations

Branches:
Dungeon (11/15)              Lair (4/6) D:8          Shoals (4/4) Lair:3
    Orc (2/2) D:10            Elf (1/3) Orc:2
 Temple: D:4-7        Snake: Lair:2-4    Spider: Lair:2-4

Altars:
Cheibriados
Fedhas
Hepliaklqana
Makhleb
Nemelex Xobeh
Trog
Vehumet
Zin
The Shining One
Beogh

Shops:
Orc:2 :*[(

Portals:
Trove: D:10 (give +2 storm dragon scales)

Annotations:
D:2 Robin
D:4 yrara's ghost, amateur GrFi
Lair:4 exclusion: oklob plant
Shoals:3 nivlat's ghost, adept HuGl
Shoals:4 exclusion: upstairs
Orc:2 rupert!, Rupert


Innate Abilities, Weirdness & Mutations

Your body is rotting away.
You thrive on raw meat.
You are immune to poison.
You have sharp fingernails.
You are carnivorous and can eat meat at any time.
Your flesh is cold resistant. (rC+)
You are immune to negative energy. (rN+++)
You do not regenerate when monsters are visible.
You are immune to unholy pain and torment.
You can survive without breathing.


Message History

The satyr is engulfed in noxious fumes.
The satyr shoots an arrow.
The arrow misses you. The arrow hits your spectral weapon!!
Your spectral weapon shares its damage with you!
Your spectral weapon fades away.
The faun shoots a sling bullet.
The sling bullet barely misses you.
The satyr is engulfed in noxious fumes.
The satyr shoots an arrow.
The arrow hits you!
A faun comes into view. It is wielding a spear.
You see here an arrow.
Okay, then.
You fade into invisibility!
The faun shoots a sling bullet.
The sling bullet hits you!
* * * LOW HITPOINT WARNING * * *
The faun unwields an uncursed quarterstaff.
The faun wields a hunting sling.
The faun shoots a stone.
The stone hits the satyr!!
The faun unwields an uncursed spear.
The faun wields a hunting sling.
The faun shoots a sling bullet.
The sling bullet hits the satyr!
The satyr shoots an arrow.
The arrow hits you!!
You die...

..c.......≈≈≈≈≈≈≈
...........≈≈≈≈≈≈≈≈
......c....≈≈≈≈≈≈≈≈≈
........c..≈≈≈≈≈≈≈≈≈≈
.......(...≈≈≈≈≈≈≈≈≈≈≈
≈.......(..≈≈≈≈≈≈≈≈≈≈≈
...#####cc....≈≈≈≈≈≈≈≈
≈ #.....≈≈≈≈≈≈≈≈≈
##@....≈≈≈≈≈≈≈≈≈
##<(..)<..≈≈≈≈≈≈≈
##..........P≈≈≈≈≈
##...#####.[.≈≈≈≈≈≈
#...## ##..≈≈≈≈≈≈
......((# #PP≈≈≈≈≈≈
........# +≈PPP≈≈≈≈
........# #≈≈P≈≈≈≈≈
........# #≈≈≈P≈≈≈≈


You could see a satyr and 3 fauns.

Vanquished Creatures
  2 orc warlords
  An ettin (Orc:1)
  A merfolk impaler (Shoals:4)
  3 hydras
  The ghost of skelma the Cleaver, a journeyman DDFi of Makhleb (Bailey)
  The ghost of Zigma the Grappler, a novice DrMo of Ashenzari (Bailey)
  An orc high priest (Orc:2)
  A sea snake (Shoals:4)
  5 orc knights
  An ugly thing (D:10)
  2 orc sorcerers (Orc:2)
  4 black mambas (Lair:3)
  A spiny frog (Lair:3)
  2 komodo dragons (D:10)
  2 trolls
  5 hippogriffs
  2 snapping turtles
  Eustachio (D:5)
  A basilisk (Lair:2)
  13 yaks
  A water elemental (Shoals:2)
  A steam dragon (D:8)
  4 water moccasins
  3 wargs (Orc:2)
  8 porcupines
  An ice beast (D:8)
  30 orc warriors
  2 sky beasts (D:8)
  2 black bears
  3 ogres
  A necrophage (D:10)
  2 wolves
  A centaur (D:6)
  10 crocodiles
  5 bullfrogs
  2 gnoll sergeants
  8 scorpions
  2 electric eels (Lair:3)
  A howler monkey (D:8)
  3 crimson imps
  2 quasits
  2 jellies
  3 centaur zombies (Ossuary)
  2 hounds (D:4)
  A human zombie (Ossuary)
  8 orc priests
  10 orc wizards
  An iguana (D:7)
  Natasha (twice) (D:2)
  4 worker ants
  2 big kobold zombies (Ossuary)
  2 hound skeletons
  3 mummies (Ossuary)
  A worker ant zombie (D:5)
  16 gnolls
  3 scorpion zombies (Ossuary)
  2 adders (D:8)
  A white imp (D:8)
  A worm (D:2)
  3 dart slugs
  2 leopard geckos (D:2)
  57 orcs
  2 bats
  A giant cockroach (D:6)
  2 gnoll zombies (Ossuary)
  32 goblins
  20 hobgoblins
  9 kobolds
  3 quokkas
  7 frilled lizards
  A goblin skeleton (D:8)
  5 goblin zombies
  3 hobgoblin zombies
  3 kobold skeletons (D:8)
  3 kobold zombies
  An orc skeleton (D:8)
  A quokka skeleton (D:5)
  2 rats (D:3)
363 creatures vanquished.

Vanquished Creatures (others)
  2 scorpions (Ossuary)
  A fungus (Lair:2)
  A plant (Lair:2)
  2 spectral weapons (Shoals:4)
6 creatures vanquished.

Grand Total: 369 creatures vanquished

Notes
Turn   | Place    | Note
-------+----------+-------------------------------------------
     0 | D:1      | Lavandula the Ghoul Warper began the quest for the Orb.
     0 | D:1      | Reached XP level 1. HP: 17/17 MP: 2/2
    69 | D:1      | Reached skill level 1 in Throwing
   106 | D:2      | Reached XP level 2. HP: 25/25 MP: 3/3
   129 | D:2      | Learned a level 2 spell: Blink
   132 | D:2      | Learned a level 2 spell: Shroud of Golubria
   167 | D:2      | Noticed Robin
   353 | D:1      | Reached XP level 3. HP: 17/30 MP: 4/4
   625 | D:2      | Found a snail-covered altar of Cheibriados.
   641 | D:2      | Became a worshipper of Cheibriados the Contemplative
   651 | D:2      | Noticed Natasha
   673 | D:2      | Killed Natasha
   673 | D:2      | Reached XP level 4. HP: 20/37 MP: 1/5
   711 | D:2      | Noticed Natasha
   724 | D:2      | Killed Natasha
   950 | D:3      | Found a burning altar of Makhleb.
  1004 | D:3      | Reached * piety under Cheibriados
  1198 | D:4      | Found a sparkling altar of Nemelex Xobeh.
  1203 | D:4      | Found a bloodstained altar of Trog.
  1213 | D:4      | Reached XP level 5. HP: 30/42 MP: 6/6
  1226 | D:4      | Noticed yrara's ghost (amateur GrFi)
  1232 | D:4      | Learned a level 3 spell: Teleport Other
  1240 | D:4      | Found a sand-covered staircase.
  1246 | Ossuary  | Entered an ossuary
  1322 | Ossuary  | Reached skill level 5 in Unarmed Combat
  1350 | Ossuary  | Reached XP level 6. HP: 28/50 MP: 7/7
  1537 | Ossuary  | Reached ** piety under Cheibriados
  1542 | Ossuary  | Reached XP level 7. HP: 52/60 MP: 8/8
  1566 | Ossuary  | Reached skill level 5 in Fighting
  1995 | D:5      | Entered Level 5 of the Dungeon
  2000 | D:5      | Noticed Eustachio
  2055 | D:5      | Killed Eustachio
  2149 | D:5      | Found a radiant altar of Vehumet.
  2149 | D:5      | Found a glowing silver altar of Zin.
  2150 | D:5      | Found a blossoming altar of Fedhas.
  2235 | D:6      | Reached XP level 8. HP: 59/69 MP: 9/9
  2739 | D:7      | Reached *** piety under Cheibriados
  2910 | D:7      | Noticed a troll
  2925 | D:7      | Killed a troll
  2925 | D:7      | Reached XP level 9. HP: 50/79 MP: 2/10
  2987 | D:7      | Learned a level 4 spell: Passage of Golubria
  3034 | D:8      | Found a glowing golden altar of the Shining One.
  3072 | D:8      | Reached skill level 1 in Polearms
  3075 | D:8      | Found a staircase to the Lair.
  3164 | D:8      | Reached skill level 2 in Polearms
  3447 | D:8      | Reached skill level 3 in Polearms
  3498 | D:8      | Reached skill level 4 in Polearms
  3599 | D:8      | Reached **** piety under Cheibriados
  3678 | D:8      | Reached skill level 5 in Polearms
  3792 | D:9      | Reached skill level 6 in Polearms
  3819 | D:9      | Reached XP level 10. HP: 42/86 MP: 2/11
  3820 | D:9      | Reached skill level 7 in Polearms
  4174 | D:9      | Found a hazy altar of Hepliaklqana.
  4307 | D:10     | Entered Level 10 of the Dungeon
  4313 | D:10     | Found a snail-covered altar of Cheibriados.
  4351 | D:10     | Reached skill level 8 in Polearms
  4356 | D:10     | Found a flagged portal.
  4363 | Bailey   | Entered a bailey
  4405 | Bailey   | Reached ***** piety under Cheibriados
  4517 | Bailey   | Noticed an orc knight
  4536 | Bailey   | Killed an orc knight
  4581 | Bailey   | Reached skill level 9 in Polearms
  4619 | Bailey   | Noticed skelma's ghost (journeyman DDFi)
  4637 | Bailey   | Reached skill level 1 in Invocations
  4659 | Bailey   | Killed skelma's ghost
  4667 | Bailey   | Got a smoking rapier {pierce}
  4671 | Bailey   | Noticed an orc knight
  4678 | Bailey   | Noticed an orc warlord
  4683 | Bailey   | Killed an orc knight
  4683 | Bailey   | Reached skill level 5 in Invocations
  4735 | Bailey   | Killed an orc warlord
  4735 | Bailey   | Reached XP level 11. HP: 56/92 MP: 2/16
  4869 | Bailey   | Noticed Zigma's ghost (novice DrMo)
  4914 | Bailey   | Killed Zigma's ghost
  4993 | D:10     | Found a portal to a secret trove of treasure.
  5084 | D:10     | Reached skill level 1 in Evocations
  5147 | D:11     | Noticed a green ugly thing
  5156 | D:10     | Killed a green ugly thing
  5320 | D:10     | Found a staircase to the Orcish Mines.
  5332 | Orc:1    | Entered Level 1 of the Orcish Mines
  5365 | Orc:1    | Noticed an ettin
  5424 | Orc:1    | Killed an ettin
  5450 | Orc:1    | Noticed a wolf spider
  5451 | Orc:1    | Noticed a wolf spider
  5564 | Orc:2    | Entered Level 2 of the Orcish Mines
  5623 | Orc:2    | Reached skill level 10 in Polearms
  5625 | Orc:2    | Noticed Rupert
  5666 | Orc:2    | Found a roughly hewn altar of Beogh.
  5666 | Orc:2    | Noticed an orc knight
  5666 | Orc:2    | Noticed an orc knight
  5666 | Orc:2    | Noticed an orc high priest
  5666 | Orc:2    | Noticed an orc sorcerer
  5666 | Orc:2    | Noticed an orc knight
  5666 | Orc:2    | Noticed an orc sorcerer
  5667 | Orc:2    | Noticed an orc warlord
  5668 | Orc:2    | Killed an orc sorcerer
  5668 | Orc:2    | Killed an orc sorcerer
  5668 | Orc:2    | Reached skill level 5 in Translocations
  5668 | Orc:2    | Reached XP level 12. HP: 61/100 MP: 7/17
  5668 | Orc:2    | Reached ****** piety under Cheibriados
  5673 | Orc:2    | Killed an orc high priest
  5676 | Orc:2    | Found Ohyneut's Antique Weapon Shoppe.
  5695 | Orc:2    | Found Saic's General Store.
  5699 | Orc:2    | Found Vexod's Book Shoppe.
  5711 | Orc:2    | Killed an orc warlord
  5721 | Orc:2    | Bought a book of Battle for 680 gold pieces
  5753 | Orc:2    | Bought a potion of invisibility for 80 gold pieces
  5792 | Orc:2    | Found Xeyrphy's Antique Armour Shoppe.
  5840 | Orc:2    | Found a staircase to the Elven Halls.
  5880 | Elf:1    | Entered Level 1 of the Elven Halls
  6023 | Lair:1   | Entered Level 1 of the Lair of Beasts
  6036 | Lair:1   | Learned a level 3 spell: Spectral Weapon
  6490 | Lair:2   | Learned a level 3 spell: Regeneration
  6541 | Lair:2   | Reached skill level 11 in Polearms
  6588 | Lair:2   | Noticed a seven-headed hydra
  6603 | Lair:2   | Killed a seven-headed hydra
  6792 | Lair:3   | Reached skill level 12 in Polearms
  6834 | Lair:3   | Reached skill level 1 in Charms
  6918 | Lair:4   | Noticed a seven-headed hydra
  6922 | Lair:4   | Noticed a seven-headed hydra
  6938 | Lair:4   | Killed a seven-headed hydra
  6938 | Lair:4   | Reached XP level 13. HP: 104/105 MP: 9/18
  6999 | Lair:4   | Learned a level 1 spell: Summon Butterflies
  7003 | Lair:4   | Learned a level 3 spell: Mephitic Cloud
  7161 | Lair:3   | Reached skill level 5 in Spellcasting
  7169 | Lair:3   | Learned a level 1 spell: Infusion
  7234 | Lair:3   | Found a staircase to the Shoals.
  7345 | Shoals:1 | Entered Level 1 of the Shoals
  7539 | Shoals:4 | Entered Level 4 of the Shoals
  7539 | Shoals:4 | Noticed a merfolk impaler
  7547 | Shoals:4 | Killed a merfolk impaler
  7639 | Shoals:3 | Noticed nivlat's ghost (adept HuGl)
  7706 | Shoals:4 | Shot with an arrow by a satyr

Vault maps used:
D:1:      dpeg_arrival_another_circle
D:2:      kennysheep_slug_shrine, first_bread, bh_walls_and_bars, uniq_robin,
          uniq_natasha
D:3:      nicolae_gozag_seed_capital, lemuel_crystal_altar, marbit_many_paths,
          uniq_grinder
D:4:      lemuel_round_altar, lemuel_crystal_altar, enter_ossuary_5,
          serial_bayou, serial_bayou_ford_a, serial_bayou_crossing,
          serial_bayou_shore_a, serial_bayou_pond_b, serial_bayou_pond_a,
          serial_bayou_pond_d
D:5:      gammafunk_temple_overflow_claw, temple_fountains, dk_vineyard_2,
          hangedman_decor_clover_reticule, kennysheep_opposing_triangles,
          uniq_eustachio
D:7:      hangedman_minor_gate_pass
D:8:      nicolae_tso_besieged_by_evil, lair_entry_dummy
D:9:      kennysheep_little_box, uniq_erica
D:10:     david_orc_4, enter_bailey_3, basic_altar, nicolae_trove_entry_crystal,
          hangedman_little_slice_of_home
D:11:     serial_shops, shop, shop_scrolls, nicolae_shop_trees
Lair:1:   beast_lair_carwin_5
Lair:2:   nicolae_spider_entry_orb_guardian
Lair:3:   minmay_shoals_entry_hut, st_stairs_10, beast_lair_carwin_11,
          grunt_megastairs_5, lemuel_fruit_fields
Shoals:1: yaktaur_hedge
Shoals:4: shoals_end_simple, shoal_ilsuiw, nicolae_shoals_circle_sea_wall
Orc:1:    nicolae_orc_accident_3
Orc:2:    grunt_orc_cross, serial_shops, shop_statue, uniq_rupert
Elf:1:    eino_elf_arrival_customs, hangedman_corner_corridor
Ossuary:  ossuary_minmay_scorpions
Bailey:   bailey_axe_minmay_hex_keep, bailey

Skill      XL: |  1  2  3  4  5  6  7  8  9 10 11 12 13 |
---------------+----------------------------------------+-----
Throwing       | 1 |  1.0
Unarmed Combat | 3 4 5 6 8 |  8.4
Translocations | 3 5 7 |  7.4
Fighting       | 4 7 |  7.4
Dodging        | 3 |  3.5
Armour         | 3 |  3.8
Polearms       | 6 9 10 12 | 12.3
Invocations    | 8 |  8.9
Evocations     | 3 |  3.8
Spellcasting   | 3 5 |  5.2
Charms         | 1 |  1.4

Action                   |  1- 3 |  4- 6 |  7- 9 | 10-12 | 13-15 || total
-------------------------+-------+-------+-------+-------+-------++-------
Melee: Unarmed           |    96 |   145 |   355 |    17 |       ||   613
       Punch             |     1 |     2 |    15 |    30 |     5 ||    53
       Trident           |       |       |       |   554 |    85 ||   639
       Spear             |       |       |       |    21 |       ||    21
Throw: Throwing net      |       |       |       |     2 |       ||     2
       Javelin           |       |       |       |     7 |       ||     7
 Cast: Blink             |     1 |       |    10 |    44 |     5 ||    60
       Shroud of Golubri |     2 |     5 |    26 |    33 |    11 ||    77
       Teleport Other    |       |     1 |     1 |       |       ||     2
       Passage of Golubr |       |       |       |     4 |     1 ||     5
       Regeneration      |       |       |       |       |     7 ||     7
       Infusion          |       |       |       |       |     4 ||     4
       Mephitic Cloud    |       |       |       |       |     2 ||     2
       Spectral Weapon   |       |       |       |       |     2 ||     2
Invok: Slouch            |       |       |       |     7 |       ||     7
Evoke: Wand              |       |       |     1 |    34 |       ||    35
  Use: Scroll            |     1 |     4 |    11 |    15 |     1 ||    32
       Potion            |       |       |     8 |     5 |     1 ||    14
 Stab: Confused          |       |       |       |    10 |       ||    10
       Held in net/web   |       |       |       |     2 |       ||     2
       Distracted        |       |       |       |     1 |       ||     1
       Sleeping          |       |       |       |       |     2 ||     2
  Eat: Chunk             |    16 |    12 |    31 |    93 |    12 ||   164
Armor: Leather armour    |    11 |    14 |    10 |     4 |     6 ||    45
       Acid dragon scale |       |       |   102 |    70 |       ||   172
       Chain mail        |       |       |       |    31 |       ||    31
Dodge: Dodged            |    40 |    74 |   225 |   226 |    36 ||   601

Table legend:
 A = Spawn XP
 B = Non-spawn XP
 C = Spawn XP percentage of total XP
 D = Spawn monster count
 E = Non-spawn monster count
 F = Spawn count percentage of total count
 G = Total turns spent on level
                    A         B        C        D         E        F      G
               +---------+---------+-------+---------+---------+-------+---------
         Total |       0 |   37526 |   0.0 |       0 |     363 |   0.0 |  7706
               +---------+---------+-------+---------+---------+-------+---------
           D:1 |       0 |      25 |   0.0 |       0 |      12 |   0.0 |   304
           D:2 |       0 |     112 |   0.0 |       0 |      21 |   0.0 |   618
           D:3 |       0 |      18 |   0.0 |       0 |      13 |   0.0 |   276
           D:4 |       0 |     119 |   0.0 |       0 |       3 |   0.0 |   313
           D:5 |       0 |     219 |   0.0 |       0 |       3 |   0.0 |   157
           D:6 |       0 |     668 |   0.0 |       0 |      11 |   0.0 |   431
           D:7 |       0 |     801 |   0.0 |       0 |      11 |   0.0 |   369
           D:8 |       0 |    2411 |   0.0 |       0 |      42 |   0.0 |   958
           D:9 |       0 |    1635 |   0.0 |       0 |      13 |   0.0 |   558
          D:10 |       0 |    2017 |   0.0 |       0 |      25 |   0.0 |   449
          D:11 |       0 |     155 |   0.0 |       0 |       2 |   0.0 |    35
        Lair:1 |       0 |     651 |   0.0 |       0 |       5 |   0.0 |   190
        Lair:2 |       0 |    2023 |   0.0 |       0 |       8 |   0.0 |   231
        Lair:3 |       0 |    4751 |   0.0 |       0 |      25 |   0.0 |   447
        Lair:4 |       0 |    2699 |   0.0 |       0 |       5 |   0.0 |   295
      Shoals:1 |       0 |     262 |   0.0 |       0 |       1 |   0.0 |    61
      Shoals:2 |       0 |     196 |   0.0 |       0 |       1 |   0.0 |    94
      Shoals:4 |       0 |    1854 |   0.0 |       0 |       2 |   0.0 |   146
         Orc:1 |       0 |    2024 |   0.0 |       0 |      17 |   0.0 |   275
         Orc:2 |       0 |    8186 |   0.0 |       0 |      47 |   0.0 |   322
       Ossuary |       0 |     665 |   0.0 |       0 |      25 |   0.0 |   520
        Bailey |       0 |    6035 |   0.0 |       0 |      71 |   0.0 |   595
               +---------+---------+-------+---------+---------+-------+---------
